 Dungeon Crawl Stone Soup version 0.31.0-32-g396128a36d (webtiles) character file.

Game seed: 16520268675750008622

29915 unrecovered the Bludgeoner (level 13, -2/127 HPs)
             Began as a Troll Gladiator on Mar 27, 2024.
             Was a High Priest of Okawaru.
             Shot with a bolt by a yaktaur (15 damage)
             ... in a volcano.
             The game lasted 00:44:36 (12773 turns).

unrecovered the Bludgeoner (Troll Gladiator)       Turns: 12773, Time: 00:44:37

Health: -2/127     AC: 10    Str: 29    XL:     13   Next: 17%
Magic:  15/15      EV: 14    Int:  4    God:    Okawaru [*****.]
Gold:   582        SH:  5    Dex: 11    Spells: 12/12 levels left

rFire   + + .        e - +0 giant club
rCold   x . .        (shield currently unavailable)
rNeg    . . .        Q - +0 robe {rF+}
rPois   .            d - +2 hat {Will+}
rElec   .            M - +2 cloak
rCorr   .            (gloves unavailable)
SInv    .            (boots unavailable)
Will    +....        B - amulet of reflection
Stlth   +++          y - ring of flight
HPRegen 1.21/turn    N - ring of fire
MPRegen 0.14/turn

%: reflection
@: heroic, flying
A: large, unfitting armour, claws 3, regeneration 1, shaggy fur 1, tough skin 1
a: Renounce Religion, Heroism, Finesse, Duel


You were in a volcano.
You worshipped Okawaru.
Okawaru was extremely pleased with you.
You visited 2 branches of the dungeon, and saw 14 of its levels.
You also visited: Bailey and Volcano.

You collected 992 gold pieces.
You spent 410 gold pieces at shops.

Inventory:

Hand Weapons
 e - a +0 giant club (weapon)
 J - the +7 orcbow of Juhulu {freeze, rPois rN+++ Str+4 Int-2}
   (You found it on level 10 of the Dungeon)

   Str+4:     It affects your strength (+4).
   Int-2:     It affects your intelligence (-2).
   rPois:     It protects you from poison rN+++: It renders you almost immune to
   negative energy.
 L - a +0 giant spiked club
Missiles
 g - 2 throwing nets
 l - 17 poisoned darts
 u - 13 large rocks (quivered)
 x - 5 curare-tipped darts
Armour
 d - a +2 hat of willpower (worn)
 r - +0 ice dragon scales
 s - the +2 robe "Pedgh" {+Blink}
   (You bought it in a shop on level 4 of the Dungeon)

   +Blink:    It lets you blink.
 M - a +2 cloak (worn)
 Q - a +0 robe of fire resistance (worn)
Jewellery
 y - a ring of flight (left claw)
 B - an amulet of reflection (around neck)
 K - a ring of see invisible
 N - a ring of fire (right claw)
 U - an amulet of the acrobat
Wands
 a - a wand of mindburst (11)
 m - a wand of quicksilver (10)
 q - a wand of flame (47)
 E - a wand of roots (7)
 W - a wand of digging (2)
Scrolls
 h - 4 scrolls of noise
 j - 2 scrolls of amnesia
 v - 2 scrolls of enchant weapon
 z - 2 scrolls of immolation
 D - a scroll of fear
 G - a scroll of summoning {unknown}
 I - a scroll of vulnerability {unknown}
 T - a scroll of blinking {unknown}
 V - a scroll of fog {unknown}
 X - a scroll of identify
Potions
 b - a potion of invisibility
 c - a potion of magic {unknown}
 f - 2 potions of enlightenment
 k - 4 potions of mutation
 o - 4 potions of cancellation
 p - 6 potions of brilliance
 t - 2 potions of attraction
 w - 4 potions of might {unknown}
 C - 4 potions of resistance {unknown}
 R - a potion of curing
Miscellaneous
 P - a phial of floods
 S - a condenser vane


   Skills:
 + Level 7.9(12.9) Fighting
 - Level 15.0(20.0) Maces & Flails
 - Level 5.0(10.0) Throwing
 - Level 5.0(10.0) Armour
 - Level 7.0(12.0) Dodging
 - Level 5.0 Invocations
 - Level 3.0 Evocations


You had 12 spell levels left.
You didn't know any spells.
Your spell library contained the following spells:

 Spells                   Type           Power      Damage    Failure   Level
 Manifold Assault         Tloc           0%         N/A       99%         4
 Vhi's Electric Charge    Tloc/Air       0%         N/A       99%         4
 Arcjolt                  Conj/Air       0%         1d10      100%        5
 Dispersal                Tloc           0%         N/A       100%        6
 Disjunction              Tloc           0%         N/A       100%        8
 Maxwell's Capacitive Co  Air            0%         ∞         100%        8


Dungeon Overview and Level Annotations

Branches:
Dungeon (11/15)            Temple (0/1) D:7            Lair (3/5) D:11
  Snake (0/4) Lair:2          Orc (0/2) D:10         Bailey (visited)
Volcano (1/1)
  Swamp: Lair:2-3    Shoals: Lair:2-3

Altars:
Cheibriados
Makhleb
Okawaru
Sif Muna
Trog
Uskayaw

Shops:
D:1 =[   D:4 [   D:10 *

Annotations:
D:6 3 runed translucent doors, Hirorubie's ghost, novice KoBr
D:7 exclusion: oklob sapling
D:11 3 runed translucent doors


Innate Abilities, Weirdness & Mutations

You are too large for most types of armour.
You have claws for hands.
Your natural rate of healing is unusually fast.
You are covered in fur. (AC +1)
You have tough skin. (AC +1)


Message History

It stops flaming.
The yaktaur misses you.
Things that are here:
a +1 scimitar of flaming; a +0 cloak You are too injured to fight recklessly!
You are too injured to fight recklessly!
You sock the yaktaur!
The yaktaur is almost dead.
You hammer the yaktaur like a gong!!!
You kill the yaktaur!
Okawaru accepts your kill.
The yaktaur shoots a bolt.
The bolt hits you!!
* * * LOW HITPOINT WARNING * * *
The bolt burns you.
* * * LOW HITPOINT WARNING * * *
You feel much better.
The yaktaur shoots a bolt.
The bolt hits you!
* * * LOW HITPOINT WARNING * * *
The yaktaur unwields a +2 arbalest of flaming.
It stops flaming.
The yaktaur hits you!
* * * LOW HITPOINT WARNING * * *
You see here a +3 arbalest of flaming.
Okay, then.
Okay, then.
As you read the scroll of fear, it crumbles to dust.
You assume a fearsome visage.
The yaktaur looks frightened!
Throw: 15 large rocks
Press: ? - help, Q - select action, (/) - cycle Shift-Dir - straight line, f/p - yaktaur
Aim: a yaktaur (severely wounded, fleeing, 85% to hit)
You throw a large rock. The large rock hits the yaktaur.
Your attack snaps the yaktaur out of its fear.
The yaktaur is severely wounded.
The yaktaur wields a +2 arbalest of flaming.
It bursts into flame!
The yaktaur shoots a bolt.
The bolt closely misses you.
Throw: 14 large rocks
Press: ? - help, Q - select action, (/) - cycle Shift-Dir - straight line, f/p - yaktaur
Aim: a yaktaur, wielding a +2 arbalest of flaming (severely wounded, 85% to hit)
You throw a large rock.
The large rock hits the yaktaur but does no damage.
The yaktaur is severely wounded.
The yaktaur shoots a bolt.
The bolt hits you!
You die...

.##..##...##
.......§..##
§≈≈≈≈§§...##
≈≈§≈≈≈.....#
§≈≈≈≈§≈§≈...###
§§≈§≈§≈≈§§§...#
§§≈§≈≈§§§≈§..##
§≈§§§≈≈§§§....###
≈≈§§§§≈≈......)@###
§.§........#.###..#
..#######.####
##c.# ### §§# ≈§!$
≈§§$! ≈≈.§.§#
≈≈§§§§≈ §§§≈≈≈≈


You could see a yaktaur.

Vanquished Creatures
  Gastronok (D:8)
  A red draconian (Volcano)
  Josephine (Lair:3)
  Fannar (D:11)
  2 boulder beetles
  5 death yaks (Lair:2)
  Urug (Lair:2)
  Sonja (Lair:1)
  2 deep elf pyromancers (D:11)
  2 ugly things
  2 cyclopes (D:11)
  A manticore (D:11)
  A salamander (Lair:2)
  5 cane toads
  A gargoyle (D:11)
  A yaktaur (Volcano)
  A rime drake (Lair:3)
  4 komodo dragons
  An efreet (D:11)
  3 trolls (D:10)
  4 blink frogs (Lair:2)
  4 shadows
  35 yaks
  A vampire (D:11)
  4 wraiths
  4 wyverns
  3 basilisks
  2 acid dragons
  2 nagas (Lair:2)
  2 water moccasins
  4 black bears
  An ice beast (D:6)
  2 sky beasts (D:7)
  3 orc warriors
  4 ogres
  3 wolves (Lair:1)
  2 centaurs
  4 kobold brigands
  Blork the orc (D:4)
  8 bullfrogs
  4 scorpions
  2 gnoll sergeants
  11 wights
  19 killer bees
  A bombardier beetle (D:3)
  7 howler monkeys
  An electric eel (D:8)
  3 hounds
  12 orc priests
  A jelly (D:7)
  A gnoll bouda (D:5)
  9 orc wizards
  A sleepcap (D:5)
  3 iguanas
  24 gnolls
  7 adders
  3 shadow imps
  A white imp (D:8)
  3 dart slugs
  A ribbon worm (D:2)
  51 orcs
  4 ball pythons
  A bat (D:1)
  4 endoplasms
  2 giant cockroaches
  12 goblins
  4 hobgoblins
  2 quokkas
  A frilled lizard (D:1)
  8 kobolds
  3 rats
336 creatures vanquished.

Notes
Turn   | Place    | Note
-------+----------+-------------------------------------------
     0 | D:1      | unrecovered the Troll Gladiator began the quest for the
                  | Orb.
     0 | D:1      | Reached XP level 1. HP: 19/19 MP: 0/0
    14 | D:1      | Found Qosayn's Antique Armour Shop.
    68 | D:1      | Reached skill level 3 in Maces & Flails
   174 | D:1      | Found Gupsot's Jewellery Shop.
   207 | D:1      | Reached XP level 2. HP: 21/27 MP: 1/1
   782 | D:2      | Reached XP level 3. HP: 33/33 MP: 2/2
   933 | D:2      | Reached skill level 4 in Maces & Flails
  1080 | D:2      | Found a faded altar of an unknown god.
  1672 | D:3      | Reached XP level 4. HP: 41/41 MP: 3/3
  2027 | D:3      | Reached skill level 5 in Maces & Flails
  2369 | D:4      | Reached XP level 5. HP: 30/48 MP: 4/4
  2776 | D:4      | Reached skill level 6 in Maces & Flails
  2813 | D:4      | Noticed Blork the orc
  2819 | D:4      | Killed Blork the orc
  2820 | D:4      | Reached XP level 6. HP: 50/55 MP: 5/5
  2915 | D:4      | Found Kifosk's Antique Armour Boutique.
  2923 | D:4      | Bought a smoking robe for 131 gold pieces
  2923 | D:4      | Identified the +2 robe "Pedgh" {+Blink} (You bought it in a
                  | shop on level 4 of the Dungeon)
  3278 | D:5      | Entered Level 5 of the Dungeon
  3289 | D:5      | Identified the +1 leather armour of Ynwabiuce {rF+ rN+
                  | Stlth+}
  3320 | D:5      | Found a bloodstained altar of Trog.
  3356 | D:4      | Reached skill level 7 in Maces & Flails
  3391 | D:5      | Reached XP level 7. HP: 51/62 MP: 6/6
  3406 | D:5      | Found a burning altar of Makhleb.
  3621 | D:5      | Reached skill level 8 in Maces & Flails
  3917 | D:5      | Reached skill level 9 in Maces & Flails
  3917 | D:5      | Reached XP level 8. HP: 24/70 MP: 7/7
  4202 | D:6      | Reached skill level 10 in Maces & Flails
  4202 | D:6      | Reached skill level 1 in Evocations
  4380 | D:6      | Found a runed translucent gate.
  4381 | D:6      | Found a runed translucent gate.
  4382 | D:6      | Found a runed translucent gate.
  4382 | D:6      | Noticed Hirorubie's ghost (novice KoBr)
  4836 | D:6      | Found an iron altar of Okawaru.
  4908 | D:6      | Became a worshipper of Warmaster Okawaru
  5590 | D:7      | Reached XP level 9. HP: 77/83 MP: 8/8
  5695 | D:7      | Found a staircase to the Ecumenical Temple.
  6032 | D:7      | You are sucked into a shaft and drop 1 floor!
  6043 | D:8      | Noticed Gastronok
  6067 | D:8      | Killed Gastronok
  6067 | D:8      | Reached * piety under Okawaru
  6068 | D:8      | Reached skill level 5 in Fighting
  6068 | D:8      | Reached skill level 5 in Dodging
  6183 | D:8      | Reached ** piety under Okawaru
  6520 | D:8      | Reached XP level 10. HP: 92/93 MP: 9/9
  7235 | D:9      | Reached skill level 1 in Invocations
  7371 | D:9      | Reached *** piety under Okawaru
  7377 | D:9      | Found a snail-covered altar of Cheibriados.
  7966 | D:9      | Reached skill level 5 in Invocations
  8226 | D:10     | Entered Level 10 of the Dungeon
  8226 | D:10     | Noticed a cyan ugly thing
  8226 | D:10     | Found Xostajys's Assorted Antiques.
  8238 | D:10     | Killed a cyan ugly thing
  8253 | D:10     | Bought a scroll of identify for 62 gold pieces
  8253 | D:10     | Bought a potion of heal wounds for 155 gold pieces
  8253 | D:10     | Bought a scroll of identify for 62 gold pieces
  8303 | D:10     | Found a flagged portal.
  8323 | Bailey   | Entered a bailey
  8789 | D:10     | Identified the +7 orcbow of Juhulu {freeze, rPois rN+++
                  | Str+4 Int-2}
  8800 | D:10     | Reached skill level 5 in Throwing
  8800 | D:10     | Reached skill level 1 in Armour
  8922 | D:10     | Found a hide-covered altar of Uskayaw.
  8997 | D:10     | Reached XP level 11. HP: 19/102 MP: 11/13
  8999 | D:10     | Reached **** piety under Okawaru
  9160 | D:10     | Found a shimmering blue altar of Sif Muna.
  9282 | D:10     | Found a staircase to the Orcish Mines.
  9351 | D:11     | Found the +9 sword of Power {lifebolt}
  9353 | D:11     | Found a large runed translucent door.
  9354 | D:11     | Found a large runed translucent door.
  9367 | D:11     | Noticed a deep elf pyromancer
  9502 | D:11     | Noticed Fannar
  9561 | D:11     | Killed Fannar
  9562 | D:11     | Reached skill level 5 in Armour
  9710 | D:11     | Found a runed translucent door.
  9713 | D:11     | Noticed a sixfirhy
  9828 | D:11     | Found a staircase to the Lair.
  9839 | D:11     | Noticed a boulder beetle
  9854 | D:11     | Killed a boulder beetle
  9854 | D:11     | Reached ***** piety under Okawaru
  9940 | D:11     | Noticed a red ugly thing
  9948 | D:11     | Reached skill level 11 in Maces & Flails
  9954 | D:11     | Killed a red ugly thing
  9954 | D:11     | Received a gift from Okawaru
 10153 | D:11     | Found a large runed translucent door.
 10153 | D:11     | Found a large runed translucent door.
 10199 | D:11     | Noticed a deep elf pyromancer
 10204 | D:11     | Killed a deep elf pyromancer
 10205 | D:11     | Reached skill level 12 in Maces & Flails
 10380 | D:11     | Killed a deep elf pyromancer
 10434 | Lair:1   | Entered Level 1 of the Lair of Beasts
 10534 | Lair:1   | Noticed Sonja
 10550 | Lair:1   | Reached XP level 12. HP: 70/111 MP: 14/14
 10553 | Lair:1   | Killed Sonja
 10553 | Lair:1   | Received a gift from Okawaru
 10560 | Lair:1   | Reached skill level 13 in Maces & Flails
 10891 | Lair:1   | Reached skill level 14 in Maces & Flails
 11350 | Lair:1   | Received a gift from Okawaru
 11508 | Lair:2   | Noticed a death yak
 11509 | Lair:2   | Noticed a death yak
 11511 | Lair:2   | Noticed a death yak
 11512 | Lair:2   | Noticed a death yak
 11514 | Lair:2   | Noticed a death yak
 11525 | Lair:2   | Killed a death yak
 11529 | Lair:2   | Killed a death yak
 11543 | Lair:2   | Killed a death yak
 11552 | Lair:2   | Killed a death yak
 11553 | Lair:2   | Reached skill level 15 in Maces & Flails
 11561 | Lair:2   | Killed a death yak
 11795 | Lair:2   | Noticed Urug
 11808 | Lair:2   | Killed Urug
 11875 | Lair:2   | Received a gift from Okawaru
 12094 | Lair:2   | Found a staircase to the Snake Pit.
 12139 | Lair:2   | Reached XP level 13. HP: 123/123 MP: 15/15
 12434 | Lair:3   | Noticed Josephine
 12526 | Lair:3   | Killed Josephine
 12698 | Lair:3   | Found a dark tunnel.
 12714 | Volcano  | Entered a volcano
 12744 | Volcano  | Noticed a red draconian
 12765 | Volcano  | Killed a red draconian
 12773 | Volcano  | Shot with a bolt by a yaktaur

Illustrated notes

Levels and vault maps discovered:
D:1:      minmay_arrival_glassed_features, layout_basic, serial_shops,
          nicolae_square_shop, nicolae_shop_gaudy_bauble
D:2:      layout_basic, shapermc_ecumenical_altar_mp_ritualfount,
          kennysheep_path_1, minmay_misc_feat_pillars, roderic_serpentine_path
D:3:      layout_basic, serial_rivers, chequers_serial_rivers_large_a,
          chequers_serial_rivers_room_b, chequers_serial_rivers_room_b,
          chequers_serial_rivers_room_a, chequers_serial_rivers_micro_d,
          chequers_serial_rivers_room_a
D:4:      layout_gridville, serial_shops, kennysheep_mini, uniq_blork_the_orc
D:5:      layout_rooms, mainiacjoe_overflow_large_starburst
D:6:      layout_loops_corners, kennysheep_okawaru_gauntlet,
          gammafunk_ghost_split, kennysheep_generic_room_3
D:7:      layout_loops_corners, minmay_temple_entry_oklob
D:8:      layout_basic, minivault_14, chequers_decorated_corner,
          kennysheep_generic_room_10, uniq_gastronok
D:9:      minmay_evil_eye, layout_irregular_city,
          mainiacjoe_overflow_concentric_impassable, nrook_loot_triangle
D:10:     layout_rooms, mainiacjoe_overflow_catwalk, led_sif_pool,
          kennysheep_orc_monster_closet_entryway, enter_bailey_4, serial_shops,
          nicolae_square_shop
D:11:     cheibrodos_shockbox, layout_basic, david_lair_generic,
          minmay_hollow_rounded_squares, uniq_fannar
Lair:1:   layout_roguey, uniq_sonja
Lair:2:   layout_roguey, alex1729_snake_entry_snake,
          infiniplex_staircase_pool_2, uniq_urug
Lair:3:   layout_long_grid, mainiacjoe_shoals_entry_four_pools,
          nicolae_volcano_entry_two_sided, ebering_ghost_funeral_grove,
          lemuel_fruit_fields, uniq_josephine, uniq_kirke
Volcano:  volcano_pools

Skill      XL: |  1  2  3  4  5  6  7  8  9 10 11 12 13 |
---------------+----------------------------------------+-----
Maces & Flails | 3 4 5 6 7 9 10 12 15 | 15.0
Evocations     | 3 |  3.0
Fighting       | 3 5 6 7 |  7.9
Dodging        | 6 7 |  7.0
Invocations    | 5 |  5.0
Throwing       | 5 |  5.0
Armour         | 2 5 |  5.0

Action                     |  1- 3 |  4- 6 |  7- 9 | 10-12 | 13-15 || total
---------------------------+-------+-------+-------+-------+-------++-------
  Melee: Flail             |    83 |   120 |   129 |       |       ||   332
         Punch             |       |     1 |       |       |       ||     1
         Giant club        |       |       |   200 |   764 |    47 ||  1011
         Trident           |       |       |     8 |       |       ||     8
         Morningstar       |       |       |       |    41 |       ||    41
  Throw: Dart              |     2 |     5 |     5 |    22 |     3 ||    37
         Throwing net      |       |     5 |     4 |     9 |       ||    18
         Large rock        |       |     2 |       |     7 |     2 ||    11
 Invoke: Heroism           |       |       |       |    13 |     2 ||    15
  Evoke: Wand              |       |       |     3 |     6 |     2 ||    11
    Use: Scroll            |       |     5 |     4 |     9 |     3 ||    21
         Potion            |       |     1 |     5 |     5 |     1 ||    12
   Stab: Sleeping          |     1 |     1 |       |     2 |       ||     4
         Held in net/web   |       |     2 |     1 |     3 |       ||     6
 Armour: Robe              |    54 |   114 |   242 |   203 |    11 ||   624
         Skin              |       |       |    98 |   130 |       ||   228
         Ice dragon scales |       |       |       |   417 |    25 ||   442
  Dodge: Dodged            |    47 |    79 |   158 |   415 |    26 ||   725
  Block: Other             |       |       |    20 |   158 |     7 ||   185
         Reflection        |       |       |       |     3 |       ||     3
